Pick #1

Connor Bedard
Pick #2

Leo Carlsson
Pick #3

Adam Fantilli
Pick #4

Matvei Michkov
Pick #5

David Reinbacher
Pick #6

William Smith
Pick #7

Zachary Benson
Pick #8

Ryan Leonard
Pick #9

Gabriel Perreault
Pick #10

Axel Sandin-Pellika
Pick #11

Daniil But
Pick #12

Dalibor Dvorsky
Pick #13

Quentin Musty
Pick #14

Brayden Yager
Pick #15

Dmitry Simashev
Pick #16

Colby Barlow
Pick #17

Andrew Cristall
Pick #18

Easton Cowan
Pick #19

Jacob Fowler
Pick #20

Oliver Moore
Pick #21

Oliver Bonk
Pick #22

Tom Willander
Pick #23

Calum Ritchie
Pick #24

Tanner Molendyk
Pick #25

Gavin Brindley
Pick #26

Nate Danielson
Pick #27

Pick #28

Pick #29

Pick #30

Pick #31

Pick #32

Pick #33

Pick #34

Pick #35

Pick #36

Pick #37

Pick #38

Pick #39

Pick #40

Pick #41

Pick #42

Pick #43

Pick #44

Pick #45

Pick #46

Pick #47

Pick #48

Pick #49

Pick #50

Pick #51

Pick #52

Pick #53

Pick #54

Pick #55

Pick #56

Pick #57

Pick #58

Pick #59

Pick #60

Pick #61

Pick #62

Pick #63

Pick #64

Pick #65

Pick #66

Pick #67

Pick #68

Pick #69

Pick #70

Pick #71

Pick #72

Pick #73

Pick #74

Pick #75

Pick #76

Pick #77

Pick #78

Pick #79

Pick #80

Pick #81

Pick #82

Pick #83

Pick #84

Pick #85

Pick #86

Pick #87

Pick #88

Pick #89

Pick #90

Pick #91

Pick #92

Pick #93

Pick #94

Pick #95

Pick #96

Pick #97

Pick #98

Pick #99

Pick #100

Pick #101

Pick #102

Pick #103

Pick #104

Pick #105

Pick #106

Pick #107

Pick #108

Pick #109

Pick #110

Pick #111

Pick #112

Pick #113

Pick #114

Pick #115

Pick #116

Pick #117

Pick #118

Pick #119

Pick #120

Pick #121

Pick #122

Pick #123

Pick #124

Pick #125

Pick #126

Pick #127

Pick #128

Pick #129

Pick #130

Full Scoreboard »»

Golden Knights vs Blues (R4)

Created - October 14, 2023 at 22:41

Goals
1 2 3 OT1 T
Golden Knights 2 0 0 1 3
Blues 0 1 1 0 2
Shots
1 2 3 OT1 T
Golden Knights 12 6 7 1 26
Blues 7 17 16 2 42

GoalsPenalties
1st period
1. Golden Knights , Artemi Panarin 1 (Mark Stone 1, Nick Suzuki 1) at 0:06
2. Golden Knights , Jakob Chychrun 1 (Tomas Hertl 2, T.J. Oshie 1) at 17:53 (PP)
Travis Hamonic (VGK) for Slashing (Minor) at 6:25
Clayton Keller (STL) for Holding (Minor) at 9:57
Kris Letang (STL) for Interference (Minor) at 16:26
2nd period
3. Blues , Yanni Gourde 1 (Cale Makar 1, Anthony DeAngelo 1) at 1:38 (PP)
T.J. Oshie (VGK) for Roughing (Minor) at 1:08
Sean Walker (VGK) for Elbowing (Minor) at 10:58
Kris Letang (STL) for Slashing (Minor) at 14:35
Jakob Chychrun (VGK) for High sticking (Minor) at 18:42
3rd period
4. Blues , Cale Makar 2 (Clayton Keller 1, Nico Hischier 2) at 19:56 (PP)
Curtis Lazar (STL) for Boarding (Minor) at 4:05
Tomas Hertl (VGK) for Goalie Interference (Minor) at 17:40
Marcus Foligno (VGK) for Tripping (Minor) at 18:24
Overtime #1
5. Golden Knights , Artemi Panarin 2 (Nick Suzuki 2, Zach Werenski 1) at 2:11
No Penalty
Goalie Stats
Ilya Samsonov (VGK), 40 saves from 42 shots - (0.952), W, 1-1-1, 62:12 minutes
Carter Hart (STL), 23 saves from 26 shots - (0.885), OTL, 1-1-1, 61:17 minutes
3 StarsOfficial
1 - Artemi Panarin (VGK)
2 - Ilya Samsonov (VGK)
3 - Nick Suzuki (VGK)
Referees : Wes McCauley and Eric Furlatt
Linesman : Bryan Pancich and Kelsey Mahoney
Game Note
No Game Note
Finance
Level 1 -- Attendance: 5935 (91.31%) -- Ticket Income $652,850
Level 2 -- Attendance: 4667 (93.34%) -- Ticket Income $350,025
Level 3 -- Attendance: 3059 (87.40%) -- Ticket Income $168,245
Level 4 -- Attendance: 1562 (100.00%) -- Ticket Income $60,918
Luxury Box -- Attendance: 1000 (100.00%) -- Ticket Income $199,000
Game was played at the Scottrade Center.
Total Attendance: 16223 (92.38%)
Total Ticket Income: $1,431,038
Other Income: $357,760
Total Income: $1,788,798



Team Name Goals Shots Shots Attemp Shots Blocked PIM HIT PP PK FO%
Golden Knights 326501612261 / 4 (25%)251%
Blues 24297128292 / 6 (33%)149%

Golden Knights
Player Name POS G A P +/- PIM HIT SHT SB MP PP MP PP SHT PK MP PK SHT FO% FOT
Adam BoqvistD0000002017:050:0001:0600% 0
Artemi PanarinLW2022012120:484:3000:000100% 1
Austin WatsonLW000001105:130:0000:0000% 0
Derek GrantC0000001010:170:0005:04032% 19
Jack RoslovicC0000002016:203:2100:0000% 1
Jakob ChychrunD1010242222:153:2122:5600% 0
Kirby DachC0000002014:012:5410:00067% 9
Marcus FolignoLW0000211014:550:0003:4800% 0
Mark StoneRW0111013323:114:3023:39050% 4
Miro HeiskanenD0001002327:284:0315:3800% 0
Nick SuzukiC0222021021:154:3010:27039% 31
Rafael Harvey-PinardLW0000000211:070:0000:0000% 0
Sean WalkerD0000220010:340:0000:0000% 0
T.J. OshieRW0110234015:522:5400:0000% 0
Tomas HertlC0110212019:322:5413:12069% 35
Travis HamonicD0000270213:340:0003:0000% 0
Vladislav NamestnikovC000000005:130:0000:0000% 0
Zach WerenskiD0112031327:524:0314:4600% 0
Blues
Player Name POS G A P +/- PIM HIT SHT SB MP PP MP PP SHT PK MP PK SHT FO% FOT
Andrew MangiapaneLW000-1045122:464:5103:40067% 3
Anthony DeAngeloD0110002221:213:5811:0200% 0
Auston MatthewsC000-1026020:073:5240:44036% 22
Cale MakarD112-1013025:165:3023:3900% 0
Carson SoucyD0000021013:371:3200:1400% 0
Clayton KellerRW011-1234019:303:5210:0000% 0
Colin BlackwellC000000007:050:0000:0000% 0
Craig SmithC000001007:500:0000:0000% 1
Curtis LazarC0000210010:180:0002:2900% 1
Derek RyanC000000007:050:0000:00056% 9
Devon ToewsD000-1003221:393:1323:4500% 0
Evan RodriguesC0000001014:430:0000:0000% 0
Filip HronekD0000002215:360:0003:4500% 0
Jack EichelC000-2045120:024:5120:00050% 12
Kris LetangD000-1442324:413:1312:2300% 0
Miles WoodLW000000107:050:0000:0000% 0
Nico HischierC0110035023:343:5203:43152% 33
Yanni GourdeC1010042116:534:5114:12058% 19



Play-by-Play

1st period


0:01 of 1st period - Nick Suzuki wins face-off versus Auston Matthews in neutral zone.
0:06 of 1st period - Shot by Artemi Panarin.
0:06 of 1st period - Goal by Artemi Panarin - Golden Knights : 1 - Blues : 0.
0:07 of 1st period - Nico Hischier wins face-off versus Tomas Hertl in neutral zone.
0:10 of 1st period - Shot by Evan Rodrigues.
0:10 of 1st period - Shot Misses the Net.
0:12 of 1st period - Shot by Nico Hischier.
0:12 of 1st period - Shot Misses the Net.
0:16 of 1st period - Shot by Nico Hischier.
0:16 of 1st period - Stopped by Ilya Samsonov without a rebound.
0:17 of 1st period - Kirby Dach wins face-off versus Yanni Gourde in Golden Knights zone.
0:17 of 1st period - Kirby Dach is hit by Yanni Gourde.
0:49 of 1st period - Shot by Kirby Dach.
0:49 of 1st period - Shot Blocked by Filip Hronek.
0:52 of 1st period - Icing by Carson Soucy.
0:53 of 1st period - Yanni Gourde wins face-off versus Mark Stone in Blues zone.
1:25 of 1st period - Icing by Cale Makar.
1:26 of 1st period - Tomas Hertl wins face-off versus Auston Matthews in Blues zone.
1:27 of 1st period - Shot by T.J. Oshie.
1:27 of 1st period - Stopped by Carter Hart without a rebound.
1:28 of 1st period - Tomas Hertl wins face-off versus Nico Hischier in Blues zone.
1:44 of 1st period - Clayton Keller is hit by Jakob Chychrun and loses puck.
2:07 of 1st period - Shot by Jack Roslovic.
2:07 of 1st period - Stopped by Carter Hart without a rebound.
2:08 of 1st period - Auston Matthews wins face-off versus Derek Grant in Blues zone.
2:08 of 1st period - Devon Toews is hit by Austin Watson and loses puck.
2:41 of 1st period - Shot by Derek Grant.
2:41 of 1st period - Shot Misses the Net.
2:43 of 1st period - Shot by Austin Watson.
2:43 of 1st period - Stopped by Carter Hart without a rebound.
2:44 of 1st period - Derek Ryan wins face-off versus Nick Suzuki in Blues zone.
2:57 of 1st period - Shot by Miles Wood.
2:57 of 1st period - Shot Blocked by Mark Stone.
2:59 of 1st period - Shot by Kris Letang.
2:59 of 1st period - Stopped by Ilya Samsonov without a rebound.
3:00 of 1st period - Kirby Dach wins face-off versus Nico Hischier in Golden Knights zone.
3:00 of 1st period - Kirby Dach is hit by Nico Hischier.
3:13 of 1st period - Marcus Foligno is hit by Carson Soucy and loses puck.
3:24 of 1st period - Shot by Adam Boqvist.
3:24 of 1st period - Stopped by Carter Hart without a rebound.
3:25 of 1st period - Auston Matthews wins face-off versus Nick Suzuki in Blues zone.
3:37 of 1st period - Shot by Andrew Mangiapane.
3:37 of 1st period - Stopped by Ilya Samsonov without a rebound.
3:38 of 1st period - Derek Ryan wins face-off versus Tomas Hertl in Golden Knights zone.
4:10 of 1st period - Icing by Zach Werenski.
4:11 of 1st period - Tomas Hertl wins face-off versus Auston Matthews in Golden Knights zone.
4:11 of 1st period - Tomas Hertl is hit by Jack Eichel.
4:52 of 1st period - Icing by Zach Werenski.
4:53 of 1st period - Tomas Hertl wins face-off versus Nico Hischier in Golden Knights zone.
5:23 of 1st period - Artemi Panarin is hit by Clayton Keller.
6:05 of 1st period - Anthony DeAngelo is hit by Marcus Foligno and loses puck.
6:25 of 1st period - Minor Penalty to Travis Hamonic for Slashing.
6:26 of 1st period - Jack Eichel wins face-off versus Derek Grant in Golden Knights zone.
6:31 of 1st period - Shot by Cale Makar.
6:31 of 1st period - Stopped by Ilya Samsonov without a rebound.
6:32 of 1st period - Jack Eichel wins face-off versus Derek Grant in Golden Knights zone.
6:44 of 1st period - Icing by Andrew Mangiapane.
6:45 of 1st period - Andrew Mangiapane wins face-off versus Tomas Hertl in Blues zone.
6:45 of 1st period - Andrew Mangiapane is hit by Tomas Hertl.
7:19 of 1st period - Shot by Andrew Mangiapane.
7:19 of 1st period - Shot Misses the Net.
7:26 of 1st period - Icing by Cale Makar.
7:27 of 1st period - Derek Grant wins face-off versus Jack Eichel in Blues zone.
7:27 of 1st period - Adam Boqvist is hit by Cale Makar and loses puck.
7:52 of 1st period - Mark Stone is hit by Yanni Gourde and loses puck.
8:23 of 1st period - Shot by Kris Letang.
8:23 of 1st period - Shot Misses the Net.
8:39 of 1st period - Shot by Sean Walker.
8:39 of 1st period - Shot Blocked by Kris Letang.
8:41 of 1st period - Shot by T.J. Oshie.
8:41 of 1st period - Stopped by Carter Hart without a rebound.
8:42 of 1st period - Mark Stone wins face-off versus Derek Ryan in Blues zone.
9:21 of 1st period - Jakob Chychrun is hit by Carson Soucy and loses puck.
9:57 of 1st period - Minor Penalty to Clayton Keller for Holding.
9:58 of 1st period - Tomas Hertl wins face-off versus Yanni Gourde in Blues zone.
10:03 of 1st period - Shot by Miro Heiskanen.
10:03 of 1st period - Stopped by Carter Hart without a rebound.
10:04 of 1st period - Tomas Hertl wins face-off versus Yanni Gourde in Blues zone.
10:09 of 1st period - Shot by Kirby Dach.
10:09 of 1st period - Shot Blocked by Yanni Gourde.
10:11 of 1st period - Shot by Jakob Chychrun.
10:11 of 1st period - Shot Blocked by Devon Toews.
11:07 of 1st period - Shot by Artemi Panarin.
11:07 of 1st period - Deflect By Nick Suzuki.
11:07 of 1st period - Stopped by Carter Hart without a rebound.
11:08 of 1st period - Nick Suzuki wins face-off versus Nico Hischier in Blues zone.
11:11 of 1st period - Shot by Mark Stone.
11:11 of 1st period - Stopped by Carter Hart without a rebound.
11:12 of 1st period - Yanni Gourde wins face-off versus Nick Suzuki in Blues zone.
11:51 of 1st period - Shot by Mark Stone.
11:51 of 1st period - Shot Blocked by Kris Letang.
12:57 of 1st period - Jack Eichel is hit by Travis Hamonic.
13:03 of 1st period - Shot by Auston Matthews.
13:03 of 1st period - Stopped by Ilya Samsonov without a rebound.
13:04 of 1st period - Kirby Dach wins face-off versus Nico Hischier in Golden Knights zone.
14:18 of 1st period - Shot by Andrew Mangiapane.
14:18 of 1st period - Shot Hit the Post.
14:39 of 1st period - Icing by Zach Werenski.
14:40 of 1st period - Yanni Gourde wins face-off versus Nick Suzuki in Golden Knights zone.
15:37 of 1st period - Austin Watson is hit by Craig Smith and loses puck.
15:41 of 1st period - Sean Walker is hit by Yanni Gourde and loses puck.
16:26 of 1st period - Minor Penalty to Kris Letang for Interference.
16:27 of 1st period - Tomas Hertl wins face-off versus Nico Hischier in Blues zone.
16:28 of 1st period - Shot by Jack Roslovic.
16:28 of 1st period - Shot Blocked by Andrew Mangiapane.
16:44 of 1st period - Shot by Tomas Hertl.
16:44 of 1st period - Stopped by Carter Hart with a rebound.
17:02 of 1st period - Shot by Nico Hischier.
17:02 of 1st period - Stopped by Ilya Samsonov without a rebound.
17:03 of 1st period - Nico Hischier wins face-off versus Nick Suzuki in Golden Knights zone.
17:07 of 1st period - Icing by Miro Heiskanen.
17:08 of 1st period - Nick Suzuki wins face-off versus Nico Hischier in Golden Knights zone.
17:21 of 1st period - Shot by Artemi Panarin.
17:21 of 1st period - Shot Misses the Net.
17:43 of 1st period - Shot by Mark Stone.
17:43 of 1st period - Stopped by Carter Hart without a rebound.
17:44 of 1st period - Tomas Hertl wins face-off versus Yanni Gourde in Blues zone.
17:53 of 1st period - Shot by Jakob Chychrun.
17:53 of 1st period - Goal by Jakob Chychrun - Golden Knights : 2 - Blues : 0.
17:54 of 1st period - Derek Ryan wins face-off versus Kirby Dach in neutral zone.
18:56 of 1st period - Icing by Miro Heiskanen.
18:57 of 1st period - Auston Matthews wins face-off versus Mark Stone in Golden Knights zone.
18:58 of 1st period - Shot by Jack Eichel.
18:58 of 1st period - Stopped by Ilya Samsonov without a rebound.
18:59 of 1st period - Auston Matthews wins face-off versus Nick Suzuki in Golden Knights zone.
19:02 of 1st period - Shot by Jack Eichel.
19:02 of 1st period - Shot Misses the Net.
19:15 of 1st period - Zach Werenski is hit by Jack Eichel and loses puck.
19:58 of 1st period - Off-side.
19:59 of 1st period - Nico Hischier wins face-off versus Jack Roslovic in neutral zone.
Goals for this period are 2 for Golden Knights vs 0 for Blues.
Shots for this period are 12 for Golden Knights vs 7 for Blues.

2nd period


0:01 of 2nd period - Tomas Hertl wins face-off versus Auston Matthews in neutral zone.
0:03 of 2nd period - Off-side.
0:04 of 2nd period - Auston Matthews wins face-off versus Tomas Hertl in neutral zone.
0:13 of 2nd period - Shot by T.J. Oshie.
0:13 of 2nd period - Stopped by Carter Hart without a rebound.
0:14 of 2nd period - Nico Hischier wins face-off versus Nick Suzuki in Blues zone.
1:08 of 2nd period - Minor Penalty to T.J. Oshie for Roughing.
1:09 of 2nd period - Jack Eichel wins face-off versus Derek Grant in Golden Knights zone.
1:14 of 2nd period - Shot by Anthony DeAngelo.
1:14 of 2nd period - Stopped by Ilya Samsonov with a rebound.
1:30 of 2nd period - Shot by Anthony DeAngelo.
1:30 of 2nd period - Shot Misses the Net.
1:32 of 2nd period - Shot by Anthony DeAngelo.
1:32 of 2nd period - Shot Misses the Net.
1:34 of 2nd period - Shot by Yanni Gourde.
1:34 of 2nd period - Shot Misses the Net.
1:36 of 2nd period - Shot by Cale Makar.
1:36 of 2nd period - Shot Misses the Net.
1:38 of 2nd period - Shot by Yanni Gourde.
1:38 of 2nd period - Goal by Yanni Gourde - Golden Knights : 2 - Blues : 1.
1:39 of 2nd period - Tomas Hertl wins face-off versus Derek Ryan in neutral zone.
2:54 of 2nd period - Shot by Jack Eichel.
2:54 of 2nd period - Shot Misses the Net.
2:56 of 2nd period - Shot by Andrew Mangiapane.
2:56 of 2nd period - Shot Blocked by Zach Werenski.
3:25 of 2nd period - Clayton Keller is hit by Zach Werenski and loses puck.
3:31 of 2nd period - Nico Hischier is hit by Zach Werenski and loses puck.
3:44 of 2nd period - Shot by Clayton Keller.
3:44 of 2nd period - Shot Misses the Net.
3:46 of 2nd period - Shot by Nico Hischier.
3:46 of 2nd period - Shot Misses the Net.
3:48 of 2nd period - Shot by Devon Toews.
3:48 of 2nd period - Shot Misses the Net.
3:52 of 2nd period - Shot by Nico Hischier.
3:52 of 2nd period - Shot Blocked by Miro Heiskanen.
3:54 of 2nd period - Shot by Evan Rodrigues.
3:54 of 2nd period - Shot Hit the Post.
3:56 of 2nd period - Shot by Cale Makar.
3:56 of 2nd period - Stopped by Ilya Samsonov without a rebound.
3:57 of 2nd period - Yanni Gourde wins face-off versus Nick Suzuki in Golden Knights zone.
4:22 of 2nd period - Shot by Carson Soucy.
4:22 of 2nd period - Stopped by Ilya Samsonov without a rebound.
4:23 of 2nd period - Auston Matthews wins face-off versus Tomas Hertl in Golden Knights zone.
4:34 of 2nd period - Shot by Jack Eichel.
4:34 of 2nd period - Shot Misses the Net.
4:47 of 2nd period - T.J. Oshie is hit by Jack Eichel and loses puck.
5:00 of 2nd period - Shot by Andrew Mangiapane.
5:00 of 2nd period - Stopped by Ilya Samsonov without a rebound.
5:01 of 2nd period - Nico Hischier wins face-off versus Nick Suzuki in Golden Knights zone.
5:04 of 2nd period - Shot by Clayton Keller.
5:04 of 2nd period - Stopped by Ilya Samsonov without a rebound.
5:05 of 2nd period - Nick Suzuki wins face-off versus Nico Hischier in Golden Knights zone.
7:00 of 2nd period - Shot by Yanni Gourde.
7:00 of 2nd period - Stopped by Ilya Samsonov with a rebound.
7:02 of 2nd period - Shot by Carson Soucy.
7:02 of 2nd period - Shot Blocked by Jakob Chychrun.
7:04 of 2nd period - Shot by Filip Hronek.
7:04 of 2nd period - Stopped by Ilya Samsonov without a rebound.
7:05 of 2nd period - Kirby Dach wins face-off versus Derek Ryan in Golden Knights zone.
7:14 of 2nd period - Shot by Kirby Dach.
7:14 of 2nd period - Shot Hit the Post.
7:16 of 2nd period - Shot by Marcus Foligno.
7:16 of 2nd period - Stopped by Carter Hart with a rebound.
9:09 of 2nd period - Icing by Carson Soucy.
9:10 of 2nd period - Auston Matthews wins face-off versus Nick Suzuki in Blues zone.
9:35 of 2nd period - Nick Suzuki is hit by Andrew Mangiapane and loses puck.
10:15 of 2nd period - Icing by Tomas Hertl.
10:16 of 2nd period - Nico Hischier wins face-off versus Tomas Hertl in Golden Knights zone.
10:16 of 2nd period - Nico Hischier is hit by Sean Walker.
10:47 of 2nd period - Tomas Hertl is hit by Kris Letang and loses puck.
10:51 of 2nd period - Jack Roslovic is hit by Kris Letang.
10:58 of 2nd period - Minor Penalty to Sean Walker for Elbowing.
10:59 of 2nd period - Jack Eichel wins face-off versus Derek Grant in Golden Knights zone.
12:01 of 2nd period - Icing by Devon Toews.
12:02 of 2nd period - Nico Hischier wins face-off versus Derek Grant in Blues zone.
12:09 of 2nd period - Shot by Auston Matthews.
12:09 of 2nd period - Stopped by Ilya Samsonov without a rebound.
12:10 of 2nd period - Nico Hischier wins face-off versus Tomas Hertl in Golden Knights zone.
12:11 of 2nd period - Shot by Kris Letang.
12:11 of 2nd period - Shot Misses the Net.
12:17 of 2nd period - Shot by Devon Toews.
12:17 of 2nd period - Shot Blocked by Mark Stone.
12:19 of 2nd period - Shot by Kris Letang.
12:19 of 2nd period - Shot Misses the Net.
12:21 of 2nd period - Shot by Kris Letang.
12:21 of 2nd period - Deflect By Clayton Keller.
12:21 of 2nd period - Stopped by Ilya Samsonov without a rebound.
12:22 of 2nd period - Derek Grant wins face-off versus Nico Hischier in Golden Knights zone.
12:22 of 2nd period - Marcus Foligno is hit by Nico Hischier and loses puck.
12:58 of 2nd period - Shot by Clayton Keller.
12:58 of 2nd period - Shot Misses the Net.
13:05 of 2nd period - Shot by Nick Suzuki.
13:05 of 2nd period - Shot Misses the Net.
13:07 of 2nd period - Shot by Nick Suzuki.
13:07 of 2nd period - Shot Misses the Net.
14:00 of 2nd period - Shot by Kirby Dach.
14:00 of 2nd period - Stopped by Carter Hart without a rebound.
14:01 of 2nd period - Andrew Mangiapane wins face-off versus Tomas Hertl in Blues zone.
14:01 of 2nd period - Andrew Mangiapane is hit by T.J. Oshie.
14:08 of 2nd period - Cale Makar is hit by Travis Hamonic and loses puck.
14:17 of 2nd period - Shot by Jack Eichel.
14:17 of 2nd period - Stopped by Ilya Samsonov without a rebound.
14:18 of 2nd period - Nico Hischier wins face-off versus Kirby Dach in Golden Knights zone.
14:34 of 2nd period - Zach Werenski is hit by Kris Letang and loses puck.
14:35 of 2nd period - Minor Penalty to Kris Letang for Slashing.
14:36 of 2nd period - Nick Suzuki wins face-off versus Yanni Gourde in Blues zone.
14:55 of 2nd period - Shot by Jakob Chychrun.
14:55 of 2nd period - Stopped by Carter Hart with a rebound.
14:57 of 2nd period - Shot by Jakob Chychrun.
14:57 of 2nd period - Shot Blocked by Anthony DeAngelo.
15:59 of 2nd period - Miro Heiskanen is hit by Nico Hischier and loses puck.
16:04 of 2nd period - Shot by Miro Heiskanen.
16:04 of 2nd period - Shot Misses the Net.
16:06 of 2nd period - Shot by Zach Werenski.
16:06 of 2nd period - Stopped by Carter Hart without a rebound.
16:07 of 2nd period - Nick Suzuki wins face-off versus Yanni Gourde in Blues zone.
16:24 of 2nd period - Devon Toews is hit by Artemi Panarin and loses puck.
16:33 of 2nd period - Shot by Mark Stone.
16:33 of 2nd period - Shot Blocked by Devon Toews.
16:35 of 2nd period - Shot by Mark Stone.
16:35 of 2nd period - Shot Blocked by Anthony DeAngelo.
16:38 of 2nd period - Icing by Anthony DeAngelo.
16:39 of 2nd period - Derek Ryan wins face-off versus Derek Grant in Blues zone.
17:02 of 2nd period - Shot by Derek Ryan.
17:02 of 2nd period - Shot Misses the Net.
17:04 of 2nd period - Shot by Colin Blackwell.
17:04 of 2nd period - Shot Misses the Net.
17:10 of 2nd period - Shot by Kris Letang.
17:10 of 2nd period - Shot Blocked by Travis Hamonic.
17:12 of 2nd period - Shot by Anthony DeAngelo.
17:12 of 2nd period - Shot Misses the Net.
17:16 of 2nd period - Shot by Derek Ryan.
17:16 of 2nd period - Shot Misses the Net.
17:18 of 2nd period - Shot by Colin Blackwell.
17:18 of 2nd period - Shot Blocked by Travis Hamonic.
17:52 of 2nd period - Shot by Nico Hischier.
17:52 of 2nd period - Shot Misses the Net.
17:54 of 2nd period - Shot by Devon Toews.
17:54 of 2nd period - Shot Blocked by Zach Werenski.
18:00 of 2nd period - Shot by Nico Hischier.
18:00 of 2nd period - Shot Blocked by Rafael Harvey-Pinard.
18:02 of 2nd period - Shot by Nico Hischier.
18:02 of 2nd period - Shot Blocked by Rafael Harvey-Pinard.
18:06 of 2nd period - Shot by Nico Hischier.
18:06 of 2nd period - Stopped by Ilya Samsonov with a rebound.
18:20 of 2nd period - Shot by Auston Matthews.
18:20 of 2nd period - Shot Misses the Net.
18:22 of 2nd period - Shot by Andrew Mangiapane.
18:22 of 2nd period - Stopped by Ilya Samsonov without a rebound.
18:23 of 2nd period - Tomas Hertl wins face-off versus Auston Matthews in Golden Knights zone.
18:32 of 2nd period - Shot by Adam Boqvist.
18:32 of 2nd period - Shot Misses the Net.
18:34 of 2nd period - Shot by Jakob Chychrun.
18:34 of 2nd period - Shot Misses the Net.
18:36 of 2nd period - Shot by Adam Boqvist.
18:36 of 2nd period - Stopped by Carter Hart without a rebound.
18:37 of 2nd period - Yanni Gourde wins face-off versus Nick Suzuki in Blues zone.
18:37 of 2nd period - Yanni Gourde is hit by Nick Suzuki.
18:42 of 2nd period - Minor Penalty to Jakob Chychrun for High sticking.
18:43 of 2nd period - Tomas Hertl wins face-off versus Jack Eichel in Golden Knights zone.
19:15 of 2nd period - Cale Makar is hit by Travis Hamonic and loses puck.
19:18 of 2nd period - Shot by Jack Eichel.
19:18 of 2nd period - Stopped by Ilya Samsonov without a rebound.
19:19 of 2nd period - Nico Hischier wins face-off versus Tomas Hertl in Golden Knights zone.
19:30 of 2nd period - Shot by Auston Matthews.
19:30 of 2nd period - Shot Misses the Net.
19:34 of 2nd period - Shot by Devon Toews.
19:34 of 2nd period - Stopped by Ilya Samsonov with a rebound.
19:36 of 2nd period - Shot by Clayton Keller.
19:36 of 2nd period - Shot Hit the Post.
19:38 of 2nd period - Shot by Kris Letang.
19:38 of 2nd period - Stopped by Ilya Samsonov without a rebound.
19:39 of 2nd period - Nico Hischier wins face-off versus Derek Grant in Golden Knights zone.
19:39 of 2nd period - Nico Hischier is hit by Travis Hamonic.
19:42 of 2nd period - Clayton Keller is hit by Travis Hamonic and loses puck.
19:45 of 2nd period - Shot by Anthony DeAngelo.
19:45 of 2nd period - Shot Misses the Net.
19:47 of 2nd period - Shot by Cale Makar.
19:47 of 2nd period - Shot Misses the Net.
19:49 of 2nd period - Shot by Auston Matthews.
19:49 of 2nd period - Stopped by Ilya Samsonov without a rebound.
19:50 of 2nd period - Tomas Hertl wins face-off versus Jack Eichel in Golden Knights zone.
19:50 of 2nd period - Tomas Hertl is hit by Andrew Mangiapane.
19:57 of 2nd period - Icing by Jack Eichel.
19:58 of 2nd period - Tomas Hertl wins face-off versus Jack Eichel in Blues zone.
Goals for this period are 0 for Golden Knights vs 1 for Blues.
Shots for this period are 6 for Golden Knights vs 17 for Blues.

3rd period


0:01 of 3rd period - Mark Stone wins face-off versus Nico Hischier in neutral zone.
0:09 of 3rd period - Miro Heiskanen is hit by Auston Matthews and loses puck.
0:20 of 3rd period - Shot by Auston Matthews.
0:20 of 3rd period - Stopped by Ilya Samsonov without a rebound.
0:21 of 3rd period - Jack Eichel wins face-off versus Derek Grant in Golden Knights zone.
0:21 of 3rd period - Jack Eichel is hit by Travis Hamonic.
0:39 of 3rd period - Shot by Kris Letang.
0:39 of 3rd period - Shot Blocked by Miro Heiskanen.
0:51 of 3rd period - Shot by T.J. Oshie.
0:51 of 3rd period - Stopped by Carter Hart with a rebound.
1:18 of 3rd period - Icing by Jakob Chychrun.
1:19 of 3rd period - Tomas Hertl wins face-off versus Auston Matthews in Golden Knights zone.
1:27 of 3rd period - Off-side.
1:28 of 3rd period - Auston Matthews wins face-off versus Nick Suzuki in neutral zone.
1:53 of 3rd period - Shot by Mark Stone.
1:53 of 3rd period - Shot Misses the Net.
1:55 of 3rd period - Shot by Miro Heiskanen.
1:55 of 3rd period - Stopped by Carter Hart with a rebound.
1:57 of 3rd period - Shot by Mark Stone.
1:57 of 3rd period - Stopped by Carter Hart without a rebound.
1:58 of 3rd period - Kirby Dach wins face-off versus Nico Hischier in Blues zone.
3:08 of 3rd period - Auston Matthews is hit by Mark Stone.
3:22 of 3rd period - Shot by Auston Matthews.
3:22 of 3rd period - Deflect By Jack Eichel.
3:22 of 3rd period - Stopped by Ilya Samsonov with a rebound.
3:24 of 3rd period - Shot by Andrew Mangiapane.
3:24 of 3rd period - Stopped by Ilya Samsonov without a rebound.
3:25 of 3rd period - Tomas Hertl wins face-off versus Craig Smith in Golden Knights zone.
3:25 of 3rd period - Tomas Hertl is hit by Curtis Lazar.
3:36 of 3rd period - Icing by Filip Hronek.
3:37 of 3rd period - Yanni Gourde wins face-off versus Derek Grant in Blues zone.
3:47 of 3rd period - Filip Hronek is hit by Jakob Chychrun and loses puck.
4:04 of 3rd period - Derek Grant is hit by Yanni Gourde and loses puck.
4:05 of 3rd period - Minor Penalty to Curtis Lazar for Boarding.
4:06 of 3rd period - Yanni Gourde wins face-off versus Nick Suzuki in Blues zone.
4:12 of 3rd period - Icing by Miro Heiskanen.
4:13 of 3rd period - Yanni Gourde wins face-off versus Nick Suzuki in Golden Knights zone.
4:51 of 3rd period - Shot by Mark Stone.
4:51 of 3rd period - Shot Blocked by Kris Letang.
4:53 of 3rd period - Shot by Artemi Panarin.
4:53 of 3rd period - Shot Misses the Net.
5:38 of 3rd period - Shot by Kirby Dach.
5:38 of 3rd period - Stopped by Carter Hart without a rebound.
5:39 of 3rd period - Nick Suzuki wins face-off versus Auston Matthews in Blues zone.
5:51 of 3rd period - Icing by Mark Stone.
5:52 of 3rd period - Nick Suzuki wins face-off versus Yanni Gourde in Golden Knights zone.
6:37 of 3rd period - Shot by Carson Soucy.
6:37 of 3rd period - Shot Misses the Net.
6:39 of 3rd period - Shot by Filip Hronek.
6:39 of 3rd period - Stopped by Ilya Samsonov without a rebound.
6:40 of 3rd period - Tomas Hertl wins face-off versus Auston Matthews in Golden Knights zone.
6:45 of 3rd period - Cale Makar is hit by T.J. Oshie and loses puck.
6:51 of 3rd period - Devon Toews is hit by Travis Hamonic and loses puck.
7:07 of 3rd period - Auston Matthews is hit by Sean Walker and loses puck.
7:14 of 3rd period - Shot by Jack Eichel.
7:14 of 3rd period - Shot Hit the Post.
7:16 of 3rd period - Shot by Andrew Mangiapane.
7:16 of 3rd period - Stopped by Ilya Samsonov without a rebound.
7:17 of 3rd period - Nick Suzuki wins face-off versus Nico Hischier in Golden Knights zone.
7:17 of 3rd period - Nick Suzuki is hit by Clayton Keller.
7:46 of 3rd period - Mark Stone is hit by Kris Letang.
8:53 of 3rd period - Andrew Mangiapane is hit by Jakob Chychrun and loses puck.
9:21 of 3rd period - Icing by Cale Makar.
9:22 of 3rd period - Tomas Hertl wins face-off versus Auston Matthews in Blues zone.
9:36 of 3rd period - Icing by Travis Hamonic.
9:37 of 3rd period - Yanni Gourde wins face-off versus Tomas Hertl in Golden Knights zone.
9:50 of 3rd period - Shot by Tomas Hertl.
9:50 of 3rd period - Stopped by Carter Hart without a rebound.
9:51 of 3rd period - Nico Hischier wins face-off versus Nick Suzuki in Blues zone.
9:53 of 3rd period - Clayton Keller is hit by Nick Suzuki.
9:55 of 3rd period - Shot by Nico Hischier.
9:55 of 3rd period - Shot Misses the Net.
9:57 of 3rd period - Shot by Nico Hischier.
9:57 of 3rd period - Shot Misses the Net.
9:59 of 3rd period - Shot by Kris Letang.
9:59 of 3rd period - Shot Blocked by Artemi Panarin.
10:03 of 3rd period - Shot by Nico Hischier.
10:03 of 3rd period - Shot Blocked by Miro Heiskanen.
10:12 of 3rd period - Nico Hischier is hit by Zach Werenski and loses puck.
10:19 of 3rd period - Shot by Nico Hischier.
10:19 of 3rd period - Shot Misses the Net.
10:21 of 3rd period - Shot by Clayton Keller.
10:21 of 3rd period - Stopped by Ilya Samsonov without a rebound.
10:22 of 3rd period - Tomas Hertl wins face-off versus Yanni Gourde in Golden Knights zone.
10:27 of 3rd period - Shot by Jack Roslovic.
10:27 of 3rd period - Stopped by Carter Hart without a rebound.
10:28 of 3rd period - Tomas Hertl wins face-off versus Auston Matthews in Blues zone.
10:32 of 3rd period - Icing by Andrew Mangiapane.
10:33 of 3rd period - Nick Suzuki wins face-off versus Auston Matthews in Blues zone.
11:08 of 3rd period - Mark Stone is hit by Auston Matthews and loses puck.
11:42 of 3rd period - Shot by Evan Rodrigues.
11:42 of 3rd period - Stopped by Ilya Samsonov with a rebound.
11:44 of 3rd period - Shot by Clayton Keller.
11:44 of 3rd period - Shot Blocked by Jakob Chychrun.
11:58 of 3rd period - Shot by Clayton Keller.
11:58 of 3rd period - Stopped by Ilya Samsonov with a rebound.
12:00 of 3rd period - Shot by Clayton Keller.
12:00 of 3rd period - Deflect By Nico Hischier.
12:00 of 3rd period - Shot Misses the Net.
12:02 of 3rd period - Shot by Nico Hischier.
12:02 of 3rd period - Shot Misses the Net.
12:04 of 3rd period - Shot by Anthony DeAngelo.
12:04 of 3rd period - The goal is going for a video replay.
12:04 of 3rd period - The goal is refused.
12:05 of 3rd period - Kirby Dach wins face-off versus Curtis Lazar in Golden Knights zone.
12:14 of 3rd period - Shot by Kirby Dach.
12:14 of 3rd period - Shot Blocked by Filip Hronek.
12:19 of 3rd period - Off-side.
12:20 of 3rd period - Derek Ryan wins face-off versus Derek Grant in neutral zone.
12:37 of 3rd period - Shot by Miles Wood.
12:37 of 3rd period - Stopped by Ilya Samsonov without a rebound.
12:38 of 3rd period - Jack Eichel wins face-off versus Nick Suzuki in Golden Knights zone.
12:41 of 3rd period - Shot by Andrew Mangiapane.
12:41 of 3rd period - Shot Misses the Net.
12:43 of 3rd period - Shot by Devon Toews.
12:43 of 3rd period - Stopped by Ilya Samsonov without a rebound.
12:44 of 3rd period - Tomas Hertl wins face-off versus Auston Matthews in Golden Knights zone.
12:55 of 3rd period - Shot by Tomas Hertl.
12:55 of 3rd period - Shot Blocked by Jack Eichel.
13:29 of 3rd period - Miro Heiskanen is hit by Andrew Mangiapane and loses puck.
14:20 of 3rd period - Shot by Artemi Panarin.
14:20 of 3rd period - Deflect By Mark Stone.
14:20 of 3rd period - Shot Misses the Net.
14:39 of 3rd period - Yanni Gourde is hit by Jakob Chychrun and loses puck.
15:01 of 3rd period - Icing by Jakob Chychrun.
15:02 of 3rd period - Artemi Panarin wins face-off versus Auston Matthews in Golden Knights zone.
15:04 of 3rd period - Jakob Chychrun is hit by Jack Eichel and loses puck.
17:08 of 3rd period - Off-side.
17:09 of 3rd period - Derek Grant wins face-off versus Derek Ryan in neutral zone.
17:22 of 3rd period - Shot by Austin Watson.
17:22 of 3rd period - Deflect By Derek Grant.
17:22 of 3rd period - Stopped by Carter Hart without a rebound.
17:23 of 3rd period - Tomas Hertl wins face-off versus Nico Hischier in Blues zone.
17:32 of 3rd period - Shot by Nico Hischier.
17:32 of 3rd period - Stopped by Ilya Samsonov without a rebound.
17:33 of 3rd period - Tomas Hertl wins face-off versus Auston Matthews in Golden Knights zone.
17:37 of 3rd period - Off-side.
17:38 of 3rd period - Nico Hischier wins face-off versus Tomas Hertl in neutral zone.
17:38 of 3rd period - Cale Makar is hit by T.J. Oshie and loses puck.
17:40 of 3rd period - Minor Penalty to Tomas Hertl for Goalie Interference.
17:41 of 3rd period - Nico Hischier wins face-off versus Nick Suzuki in Golden Knights zone.
18:19 of 3rd period - Icing by Auston Matthews.
18:20 of 3rd period - Derek Grant wins face-off versus Nico Hischier in Blues zone.
18:24 of 3rd period - Minor Penalty to Marcus Foligno for Tripping.
18:25 of 3rd period - Yanni Gourde wins face-off versus Derek Grant in Golden Knights zone.
18:30 of 3rd period - Shot by Jack Eichel.
18:30 of 3rd period - Stopped by Ilya Samsonov without a rebound.
18:31 of 3rd period - Derek Grant wins face-off versus Andrew Mangiapane in Golden Knights zone.
18:31 of 3rd period - Derek Grant is hit by Andrew Mangiapane.
19:01 of 3rd period - Blues, Carter Hart is pulled from the net.
19:13 of 3rd period - Shot by Devon Toews.
19:13 of 3rd period - Stopped by Ilya Samsonov without a rebound.
19:14 of 3rd period - Nico Hischier wins face-off versus Derek Grant in Golden Knights zone.
19:21 of 3rd period - Shot by Auston Matthews.
19:21 of 3rd period - Stopped by Ilya Samsonov without a rebound.
19:22 of 3rd period - Derek Grant wins face-off versus Nico Hischier in Golden Knights zone.
19:22 of 3rd period - Derek Grant is hit by Clayton Keller.
19:56 of 3rd period - Shot by Cale Makar.
19:56 of 3rd period - Goal by Cale Makar - Golden Knights : 2 - Blues : 2.
19:56 of 3rd period - Carter Hart from Blues was sent back in the game.
19:57 of 3rd period - Yanni Gourde wins face-off versus Kirby Dach in neutral zone.
Goals for this period are 0 for Golden Knights vs 1 for Blues.
Shots for this period are 7 for Golden Knights vs 16 for Blues.

Overtime #1


0:01 of 1st overtime period - Nico Hischier wins face-off versus Nick Suzuki in neutral zone.
0:08 of 1st overtime period - Shot by Auston Matthews.
0:08 of 1st overtime period - Stopped by Ilya Samsonov without a rebound.
0:09 of 1st overtime period - Nico Hischier wins face-off versus Nick Suzuki in Golden Knights zone.
0:22 of 1st overtime period - Shot by Auston Matthews.
0:22 of 1st overtime period - Shot Blocked by Zach Werenski.
0:32 of 1st overtime period - Shot by Nico Hischier.
0:32 of 1st overtime period - Shot Misses the Net.
0:42 of 1st overtime period - Shot by Auston Matthews.
0:42 of 1st overtime period - Shot Misses the Net.
1:01 of 1st overtime period - Icing by Zach Werenski.
1:02 of 1st overtime period - Nick Suzuki wins face-off versus Jack Eichel in Golden Knights zone.
1:24 of 1st overtime period - Off-side.
1:25 of 1st overtime period - Tomas Hertl wins face-off versus Nico Hischier in neutral zone.
1:39 of 1st overtime period - Shot by Auston Matthews.
1:39 of 1st overtime period - Shot Blocked by Mark Stone.
1:41 of 1st overtime period - Shot by Nico Hischier.
1:41 of 1st overtime period - Stopped by Ilya Samsonov without a rebound.
1:42 of 1st overtime period - Nick Suzuki wins face-off versus Jack Eichel in Golden Knights zone.
2:09 of 1st overtime period - Shot by Nick Suzuki.
2:09 of 1st overtime period - Shot Misses the Net.
2:11 of 1st overtime period - Shot by Artemi Panarin.
2:11 of 1st overtime period - Goal by Artemi Panarin - Golden Knights : 3 - Blues : 2.
Goals for this period are 1 for Golden Knights vs 0 for Blues.
Shots for this period are 1 for Golden Knights vs 2 for Blues.